[Event "VII Copa Marcel Duchamp 2024"]
[Site "Montevideo"]
[Date "2024.02.09"]
[Round "8.2"]
[White "Tristan, Leonardo"]
[Black "Hoffman, Alejandro"]
[Result "1-0"]
[ECO "A45"]
[WhiteElo "2515"]
[BlackElo "2358"]
[Annotator "RC"]
[PlyCount "163"]
[EventDate "2024.02.05"]
[EventType "swiss"]
[EventCountry "URU"]
[SourceTitle "playchess.com"]
[Source "ChessBase"]
[SourceQuality "1"]
[TimeControl "5400+30"]

1. d4 Nf6 2. Bg5 Ne4 3. Bf4 c5 4. f3 Qa5+ 5. c3 Nf6 6. d5 Qb6 7. Bc1 e6 8. e4 exd5 9. exd5 d6 10. c4 Be7 11. Nc3 O-O 12. Bd3 Re8 13. Nge2 Bf8 14. O-O g6 15. h3 Bg7 16. f4 Na6 17. a3 Bd7 18. f5 Re5 19. Bf4 Rae8 20. Bxe5 Rxe5 21. Qd2 Nc7 22. Kh1 a6 23. Rae1 Qa7 24. Ng3 Rxe1 25. Qxe1 Qb8 26. fxg6 hxg6 27. Nge4 Nce8 28. Ng5 Qd8 29. g4 b5 30. Nxf7 Kxf7 31. g5 bxc4 32. Bc2 Bxh3 33. gxf6 Nxf6 34. Ne4 Qh8 35. Ng5+ Kg8 36. Rf4 Bg4+ 37. Kg1 Qh5 38. Rxf6 Be2 39. Nf3 Bxf6 40. Qxe2 Bxb2 41. Qe6+ Kg7 42. Qe7+ Kg8 43. Qd8+ Kg7 44. Qe7+ Kg8 45. Qe4 Kg7 46. Kf2 Bf6 47. Qe6 Bd4+ 48. Kg2 Be5 49. Qe7+ Kh6 50. Qf8+ Kh7 51. Qf7+ Kh6 52. Qe6 Bf4 53. Be4 c3 54. Qc8 Be5 55. Qf8+ Kh7 56. Qe7+ Kh6 57. Qh4 Qxh4 58. Nxh4 g5 59. Nf5+ Kh5 60. Ne3 g4 61. Bd3 Bf4 62. Nc2 a5 63. a4 Kg5 64. Na3 Bd2 65. Nc4 Kf4 66. Bc2 g3 67. Nxd6 Ke5 68. Nc4+ Kxd5 69. Nxa5 Bf4 70. Kf3 c4 71. Nb7 Bb8 72. Nd8 Kc5 73. Ne6+ Kb4 74. Nd4 Ka3 75. a5 Kb2 76. Be4 Ba7 77. Nc2 Bb8 78. a6 Ba7 79. Kxg3 Kc1 80. Kf4 Kd2 81. Ke5 Bb6 82. Kd5 1-0

[Event "VII Copa Marcel Duchamp 2024"]
[Site "Montevideo"]
[Date "2024.02.09"]
[Round "8.3"]
[White "Krysa, Leandro"]
[Black "Acosta, Pablo Ismael"]
[Result "1/2-1/2"]
[ECO "A13"]
[WhiteElo "2541"]
[BlackElo "2479"]
[Annotator "TA"]
[PlyCount "71"]
[EventDate "2024.02.05"]
[EventType "swiss"]
[EventCountry "URU"]
[SourceTitle "playchess.com"]
[Source "ChessBase"]
[SourceQuality "1"]
[TimeControl "5400+30"]

1. Nf3 Nf6 2. c4 e6 3. g3 d5 4. Bg2 Nbd7 5. O-O dxc4 6. Qc2 c5 7. a4 Be7 8. Qxc4 Nb6 9. Qb3 c4 10. Qc2 a5 11. Na3 Bxa3 12. Rxa3 (12. bxa3 Bd7 $11) 12... Nfd5 13. b3 cxb3 14. Qxb3 O-O 15. d3 Nd7 16. Bg5 f6 17. Bd2 {[%emt 0:02:27] This pair of bishops is nice.} (17. e4 {with more complications.} Nc5 18. Qb5 fxg5 19. exd5 Qxd5 20. Rc1) 17... b6 18. e4 Nc5 {[%emt 0:03:02] [#]} 19. Qb1 Nb4 20. d4 Nca6 21. Rc1 $36 {[%emt 0:01:14][%mdl 2048] White is pushing.} Bb7 22. Re3 Rc8 23. Rxc8 Bxc8 24. Bf1 f5 (24... Bd7 $142) 25. exf5 $16 Rxf5 26. Bh3 Rf8 27. Qe4 (27. Bxe6+ Bxe6 28. Rxe6 Rxf3 $17) (27. Rc3 $1 $18 {is more deadly. Ng5 would now be deadly.} Nc7 28. Qe4 (28. Ng5 g6 $18)) 27... Nc7 28. Re1 {[%emt 0:02:34] And now Ng5 would win.} Qf6 (28... Qd5 $14 29. Ne5 Qxe4 30. Rxe4 Ncd5 31. Bxb4 axb4) 29. Bf4 (29. Bxb4 $18 axb4 30. Rc1) 29... Nbd5 ({Better is} 29... Ncd5 $14) 30. Ng5 {[%emt 0:00:32][%csl Gg5][%cal Re4h7] [#]} g6 31. Nxe6 {[%emt 0:00:45] White is much more active.} (31. Bxe6+ Bxe6 32. Nxe6 Qxe6 33. Qxe6+ Nxe6 34. Rxe6 Nxf4 35. gxf4 Rxf4 $15) (31. Rc1 $16 {Qe5 is the strong threat.} Bd7 32. Bxc7 (32. Rxc7 Nxc7 33. Qb7 e5 $17) 32... Qxg5 33. Bxe6+ Bxe6 34. Qxe6+ Rf7 35. Rc6 Nxc7 36. Rxc7) 31... Bxe6 $11 {[%emt 0:06:47] The position is equal.} 32. Bxe6+ Qxe6 33. Qxe6+ Nxe6 34. Rxe6 Nxf4 35. gxf4 Rxf4 36. d5 {[%emt 0:00:56] White really could win this.   Weighted Error Value: White=0.26 (precise) /Black=0.21 (precise) .  Mistake:       	White=3     	Black=3      Inaccurate:     	White=1     	Black=3      OK:         	White=9     	Black=10     Best:        	---       	Black=2} 1/2-1/2

[Event "VII Copa Marcel Duchamp 2024"]
[Site "Montevideo"]
[Date "2024.02.10"]
[Round "9.1"]
[White "Meier, Georg"]
[Black "Acosta, Pablo Ismael"]
[Result "1/2-1/2"]
[ECO "D79"]
[WhiteElo "2620"]
[BlackElo "2479"]
[Annotator "TA"]
[PlyCount "74"]
[EventDate "2024.02.05"]
[EventType "swiss"]
[EventCountry "URU"]
[SourceTitle "playchess.com"]
[Source "ChessBase"]
[SourceQuality "1"]
[TimeControl "5400+30"]

1. Nf3 d5 2. g3 Nf6 3. Bg2 c5 4. O-O g6 5. c3 Bg7 6. d4 cxd4 7. cxd4 O-O 8. Nc3 Ne4 9. Ne5 Nxc3 10. bxc3 Nc6 11. Nxc6 bxc6 12. Qa4 Qb6 13. Bf4 (13. e4 {with more complications.} Qa6 14. Qa3 dxe4 15. Bxe4 e5 16. Rd1) 13... Qa6 14. Qxa6 Bxa6 15. Rfe1 c5 16. e3 ({Of course not} 16. dxc5 Bxc3 17. Bxd5 Rac8 $15) 16... cxd4 17. cxd4 e6 18. a4 Rfc8 19. a5 Bf6 20. h4 Rc6 21. Reb1 Rac8 22. Bf1 Bxf1 23. Kxf1 Bd8 24. Rb7 Ra6 {[%emt 0:11:15] [#]} ({Black should try} 24... a6) 25. Rd7 {[%emt 0:00:00] White is more active.} ({Better is} 25. Rab1 $1 $16 {aiming for Rd7.} Bxa5 26. Ra1) 25... Bb6 $1 $11 26. g4 {[%emt 0:00:00] The position is equal.} Rxa5 27. Rxa5 Bxa5 28. Rxa7 {[%emt 0:00:00][%mdl 4096] Endgame. KRB-KRB} Bd8 29. g5 h6 30. Kg2 hxg5 31. hxg5 Kf8 32. Bd6+ Ke8 33. f4 Rc3 34. Kf2 f6 35. gxf6 (35. Ra8 $5 Kd7 36. gxf6 Bxf6 37. Bc5 $14) 35... Bxf6 36. Be5 Bxe5 37. fxe5 Kf8 {[%emt 0:00:28] Wards off Rg7.   Weighted Error Value: White=0.09 (flawless) /Black=0.06 (flawless) .  Mistake:       	White=1     	Black=1      Inaccurate:     	---       	Black=1      OK:         	White=10    	Black=10     Best:        	White=1     	---        Strong:       	---       	Black=1} 1/2-1/2